AoeStats
← 只会打步弓

African Clearing

510338889Analyzed
4v4 RM · 20h ago on Sep 30, 2026· 43m 50s· 8 players
Game mode
Random Map
Map size
Large (8 player)
Population
200
Speed
Normal
Resources
Standard
Victory
Conquest
Starting age
Dark Age
Ending age
Imperial Age
RankedLock teamsTeams togetherTeam positionsShared explorationLock speedFull tech treeHidden civsTurbo modeCheats
Victory
Defeat
🇫🇷 Magyars · France
1788
+13
🇵🇪 Vietnamese · Peru
1723
+16
🇨🇳 Berbers · China
1697
+17
🇪🇨 Portuguese · Ecuador
1667
+19
🇨🇳 Varangians · China
1735
-17
🇨🇳 Huns · China
1724
-16
🇨🇳 Magyars · China
1717
-16
🇨🇳 Mapuche · China
1709
-16
kibou
11:52 Loom
14:25 Feudal Age
18:14 Castle Age
18:03 Fletching
20:51 Padded Archer Armor
20:46 Bodkin Arrow
20:53 Padded Archer Armor
20:49 Bodkin Arrow
25:26 Ballistics
25:15 Padded Archer Armor
26:43 Leather Archer Armor
27:01 Fishing Lines
27:24 Double-Bit Axe
29:10 Husbandry
31:49 Gillnets
33:56 Bloodlines
34:19 Stone Mining
38:05 Imperial Age
36:12 Wheelbarrow
36:38 Bow Saw
37:41 Hand Cart
40:05 Chemistry
39:07 Bracer
39:38 Ring Archer Armor
39:49 Elite Camel Archer
42:04 Maghrebi Camels
42:13 Light Cavalry
43:04 Scale Barding Armor
43:09 Forging
43:06 Heavy Camel Rider
44:42 Chain Barding Armor
45:04 Iron Casting
=)Svanhilde
11:32 Feudal Age
11:07 Loom
12:07 Double-Bit Axe
12:02 Horse Collar
13:43 Horse Collar
21:50 Castle Age
20:25 Scale Barding Armor
21:26 Bloodlines
23:08 Bow Saw
22:58 Heavy Plow
28:25 Wheelbarrow
29:23 Devotion
32:43 Chain Barding Armor
33:20 Town Watch
34:16 Husbandry
37:44 Hand Cart
40:18 Stone Mining
40:24 Gold Mining
44:10 Imperial Age
noru
10:54 Feudal Age
11:30 Double-Bit Axe
13:01 Loom
14:26 Forging
20:27 Castle Age
22:33 Wheelbarrow
22:09 Bow Saw
23:10 Town Watch
23:08 Horse Collar
27:45 Heavy Plow
28:18 Stone Mining
30:17 Stone Shaft Mining
30:55 Hand Cart
31:07 Gold Mining
31:10 Fletching
35:15 Imperial Age
33:12 Bodkin Arrow
34:03 Ballistics
34:20 Padded Archer Armor
36:55 Chemistry
36:57 Two-Man Saw
36:29 Crop Rotation
36:28 Paper Money
36:13 Bracer
36:32 Town Patrol
37:04 Thumb Ring
37:48 Elite Rattan Archer
40:42 Scale Mail Armor
41:18 Iron Casting
42:24 Chain Mail Armor
42:11 Squires
41:31 Elite Fire Lancer
41:57 Arson
41:42 Pikeman
42:04 Halberdier
Kaladin Stormblessed
6:38 Loom
12:40 Feudal Age
12:44 Man-at-Arms
23:18 Fletching
24:20 Padded Archer Armor
27:45 Castle Age
25:40 Double-Bit Axe
28:25 Padded Archer Armor
28:28 Bodkin Arrow
28:34 Padded Archer Armor
29:11 Bow Saw
28:29 Elite Skirmisher
35:02 Horse Collar
38:48 Gold Mining
39:55 Wheelbarrow
45:14 Imperial Age
42:30 Town Watch
43:18 Stone Mining
44:03 Ballistics
44:29 Thumb Ring
LY006
9:35 Loom
11:54 Feudal Age
10:45 Loom
19:25 Fletching
27:04 Castle Age
25:53 Padded Archer Armor
26:59 Double-Bit Axe
27:05 Gold Mining
27:06 Stone Mining
34:00 Bodkin Arrow
37:07 Leather Archer Armor
41:03 Ballistics
LUCKY
8:42 Loom
11:45 Feudal Age
12:47 Double-Bit Axe
17:02 Castle Age
15:08 Horse Collar
18:03 Bow Saw
20:03 Town Watch
20:45 Heavy Plow
24:39 Wheelbarrow
28:01 Stone Mining
31:25 Hand Cart
33:43 Gold Mining
38:06 Imperial Age
37:20 Marauders
38:22 Gold Shaft Mining
38:24 Bloodlines
38:14 Husbandry
37:35 Light Cavalry
38:33 Scale Barding Armor
38:39 Forging
38:16 Elite Tarkan
39:16 Conscription
39:51 Chain Barding Armor
43:29 Plate Barding Armor
只会打步弓
13:11 Feudal Age
11:53 Loom
16:49 Castle Age
15:05 Double-Bit Axe
16:03 Gold Mining
16:35 Horse Collar
17:24 Fletching
19:45 Bodkin Arrow
22:47 Padded Archer Armor
24:44 Ballistics
28:10 Leather Archer Armor
30:49 Town Watch
31:42 Wheelbarrow
34:59 Hand Cart
38:49 Imperial Age
37:56 Gold Shaft Mining
38:10 Malon
40:02 Ring Archer Armor
38:58 Elite Bolas Rider
41:23 Chemistry
小胖子
11:37 Feudal Age
12:08 Loom
12:18 Double-Bit Axe
13:03 Horse Collar
23:07 Castle Age
22:04 Fletching
27:24 Bodkin Arrow
29:49 Padded Archer Armor
31:37 Bloodlines
32:06 Husbandry
33:16 Ballistics
Connection lost

Rejoining the realm…

Still unreachable

The connection could not be restored.

Session expired

The server has moved on; the page needs a fresh start.